 Dungeon Crawl Stone Soup version 0.32-a0-798-gfa783ce77f (webtiles) character file.

Game seed: 3110411058278032140

56 Essalna the Digger (level 3, -2/26 HPs)
             Began as a Draconian Earth Elementalist on Mar 21, 2024.
             Slain by Robin
             ... wielding a +0 mace
              (5 damage)
             ... on level 2 of the Dungeon.
             The game lasted 00:01:47 (1036 turns).

Essalna the Digger (Draconian Earth Elementalist)   Turns: 1036, Time: 00:01:47

Health: -2/26      AC:  6    Str: 10    XL:     3   Next: 71%
Magic:  4/7        EV: 11    Int: 17    God:
Gold:   53         SH:  0    Dex: 11    Spells: 6/7 levels left

rFire   . . .        f - +0 dagger (protect)
rCold   . . .        (no shield)
rNeg    . . .        (body armour unavailable)
rPois   .            (helmet restricted)
rElec   .            (no cloak)
rCorr   +            (no gloves)
SInv    .            e - +0 pair of boots
Will    .....        (no amulet)
Stlth   ++           g - ring of resist corrosion
HPRegen 0.24/turn    (no ring)
MPRegen 0.10/turn

%: no passive effects
@: no status effects
A: AC +5, unfitting armour, cold-blooded
a: no special abilities


You were on level 2 of the Dungeon.
You visited 1 branch of the dungeon, and saw 2 of its levels.

You collected 53 gold pieces.

Inventory:

Hand Weapons
 f - a +0 dagger of protection (weapon)
Armour
 e - a +0 pair of boots (worn)
Jewellery
 g - a ring of resist corrosion (left hand)
Scrolls
 b - a scroll of poison {unknown}
 c - a scroll of identify {unknown}
 i - a scroll of butterflies {unknown}
Potions
 d - a potion of heal wounds {unknown}
 h - a potion of degeneration {unknown}


   Skills:
 - Level 1.7 Dodging
 - Level 1.7 Stealth
 + Level 2.8 Spellcasting
 + Level 2.1 Conjurations
 + Level 3.6 Earth Magic


You had 6 spell levels left.
You knew the following spells:

 Your Spells              Type           Power      Damage    Failure   Level
a - Sandblast             Erth           28%        2d8       4%          1

Your spell library contained the following spells:

 Spells                   Type           Power      Damage    Failure   Level
 Passwall                 Erth           14%        N/A       12%         3
 Stone Arrow              Conj/Erth      24%        3d8       16%         3
 Brom's Barrelling Bould  Conj/Erth      12%        2d4       47%         4
 Petrify                  Alch/Erth      8%         N/A       63%         4


Dungeon Overview and Level Annotations

Branches:
Dungeon (2/15)

Altars:

Annotations:
D:2 Robin


Innate Abilities, Weirdness & Mutations

Your plain brown scales are hard. (AC +5)
You cannot fit into any form of body armour.
You are cold-blooded and may be slowed by cold attacks.


Message History

The goblin goes into a battle-frenzy!
The goblin attacks as it pursues you! The goblin hits you but does no damage.
Casting: Sandblast (safe; 4% risk of failure)
Confirm with . or Enter, or press ? or * to list all spells.
Aiming: Sandblast (safe; 4% risk of failure)
Press: ? - help, Shift-Dir - straight line, f - goblin
Aim: a goblin, wielding a +0 club (strong, 77% to hit)
The blast of sand hits the goblin!
You kill the goblin!
Magic courses through your body. The goblin hits you with a +0 club.
An orc comes into view. It is wielding a +0 short sword.
Casting: Sandblast (safe; 4% risk of failure)
Confirm with . or Enter, or press ? or * to list all spells.
Aiming: Sandblast (safe; 4% risk of failure)
Press: ? - help, Shift-Dir - straight line, f - goblin
Aim: a goblin, wielding a +0 club (strong, 77% to hit)
The blast of sand misses the goblin.
The blast of sand hits the goblin!
You kill the goblin!
The orc shouts!
The goblin closely misses you. Robin throws the goblin at you!
The goblin barely misses you.
Casting: Sandblast (safe; 4% risk of failure)
Confirm with . or Enter, or press ? or * to list all spells.
Aiming: Sandblast (safe; 4% risk of failure)
Press: ? - help, Shift-Dir - straight line, f/p - goblin
Aim: a goblin, wielding a +0 club (strong, 77% to hit)
The blast of sand hits the goblin.
You kill the goblin!
Robin hits you with a +0 mace!
* * * LOW HITPOINT WARNING * * *
Casting: Sandblast (safe; 4% risk of failure)
Confirm with . or Enter, or press ? or * to list all spells.
Aiming: Sandblast (safe; 4% risk of failure)
Press: ? - help, Shift-Dir - straight line, f - Robin
Aim: Robin, wielding a +0 mace, wearing a +0 animal skin and wearing a +0 helmet (87% to hit)
The blast of sand hits Robin!
Robin is severely wounded.
Robin hits you but does no damage. Robin hits you with a +0 mace.
You die...
Robin calls out, "Let's celebrate!
Time for a feast!"

#g## ..#
#..######)###
#..))..g...#
#######)##.#
#.##g#####..
##########)..........
............#.o####.
######..)..###gg@.#
###....#####
####)...# #...####
#...# ..### ...# .##
..# ## .## # . # .#


You could see Robin, an orc and a hobgoblin (strong).

Vanquished Creatures
  A gnoll (D:1)
  2 orcs (D:2)
  4 endoplasms (D:1)
  2 giant cockroaches
  7 goblins (D:2)
  6 hobgoblins
  3 quokkas (D:1)
  5 ball pythons (D:1)
  2 bats (D:1)
  5 frilled lizards (D:1)
  3 kobolds
40 creatures vanquished.

Notes
Turn   | Place    | Note
-------+----------+-------------------------------------------
     0 | D:1      | Essalna the Draconian Earth Elementalist began the quest
                  | for the Orb.
     0 | D:1      | Reached XP level 1. HP: 14/14 MP: 3/3
   249 | D:1      | Reached XP level 2. HP: 20/20 MP: 1/5
   577 | D:1      | Reached XP level 3. HP: 25/26 MP: 1/6
   852 | D:2      | Found a faded altar of an unknown god.
  1015 | D:2      | Noticed Robin
  1036 | D:2      | Slain by Robin

Illustrated notes

Levels and vault maps discovered:
D:1:      lightli_arrival_chessboard, layout_basic, corexii_corridor_pit,
          grunt_decor_cap
D:2:      layout_rooms, ebering_ecumenical_altar_mist, uniq_natasha, uniq_robin

Skill      XL: |  1  2  3 |
---------------+----------+-----
Conjurations   | 2 |  2.1
Dodging        | |  1.7
Stealth        | |  1.7
Spellcasting   | |  2.8
Earth Magic    | |  3.6

Action                     || total
---------------------------++-------
  Melee: Unarmed           ||    53
         Tailslap          ||     6
   Cast: Sandblast         ||    54
    Use: Potion            ||     1
   Stab: Sleeping          ||     1
 Armour: Skin              ||    61
  Dodge: Dodged            ||    67

Table legend: (Time is in decaauts)
 A = Elapsed time spent in this place.
 B = Non-inter-level travel time spent in this place.
 C = Inter-level travel time spent in this place.
 D = Time resting spent in this place.
 E = Time spent auto-exploring this place.
 F = Levels seen in this place.
 G = Mean time per level.
                   A        B        C        D        E       F      G
               +--------+--------+--------+--------+--------+-----+--------+
         Total |   1061 |   1039 |     22 |      0 |    811 |   2 |  530.5 |
       Dungeon |   1061 |   1039 |     22 |      0 |    811 |   2 |  530.5 |
               +--------+--------+--------+--------+--------+-----+--------+

Top non-repeatable levels by time:
     D:1: 868 daAuts
     D:2: 192 daAuts
